 Dungeon Crawl Stone Soup version 0.31-a0-431-g88bdf31460 (webtiles) character file.

Game seed: 3065174821747582418

497 HallandMoats the Trooper (level 6, -4/57 HPs)
             Began as a Minotaur Fighter on July 31, 2023.
             Was an Initiate of the Shining One.
             Splashed by a jelly's acid (9 damage)
             ... on level 5 of the Dungeon.
             The game lasted 00:05:46 (3323 turns).

HallandMoats the Trooper (Minotaur Fighter)         Turns: 3323, Time: 00:05:47

Health: -4/57      AC:  1    Str: 21    XL:     6   Next: 93%
Magic:  5/5        EV: 10    Int:  5    God:    the Shining One [......]
Gold:   210        SH:  5    Dex: 11    Spells: 5/5 levels left

rFire   . . .        (no weapon)
rCold   . . .        c - +0 buckler
rNeg    . . .        b - +0 scale mail
rPois   .            (helmet restricted)
rElec   .            y - +0 cloak
rCorr   .            v - +0 pair of gloves
SInv    .            (no boots)
Will    .....        (no amulet) Stlth
                     (no ring)
HPRegen 0.29/turn    (no ring)
MPRegen 0.09/turn

%: no passive effects
@: corroded, glowing
A: horns 2, retaliatory headbutt
a: Renounce Religion


You were on level 5 of the Dungeon.
You worshipped the Shining One.
The Shining One was noncommittal.
You visited 2 branches of the dungeon, and saw 6 of its levels.

You collected 210 gold pieces.

Inventory:

Missiles
 s - 2 throwing nets
Armour
 b - a +0 scale mail (worn)
 c - a +0 buckler (worn)
 v - a +0 pair of gloves (worn)
 y - a +0 cloak (worn)
Jewellery
 e - a ring of fire
 p - a ring of fire
Wands
 j - a wand of mindburst (12)
 o - a wand of flame (19)
Scrolls
 g - a scroll of fear {unknown}
 h - 2 scrolls of identify {unknown}
 k - 2 scrolls of poison {unknown}
 m - a scroll of enchant armour {unknown}
 q - a scroll of enchant weapon {unknown}
 r - a scroll of immolation {unknown}
 t - a scroll of fog {unknown}
 w - a scroll of noise {unknown}
 x - a scroll of amnesia {unknown}
Potions
 d - a potion of might
 f - a potion of mutation {unknown}
 i - 3 potions of curing {unknown}
 l - 2 potions of brilliance {unknown}
 n - 3 potions of heal wounds {unknown}
 u - 3 potions of lignification {unknown}
 z - 2 potions of cancellation {unknown}


   Skills:
 * Level 5.8 Fighting
 * Level 5.2 Axes
 + Level 4.9 Armour
 + Level 2.7 Dodging
 + Level 4.8 Shields


You had 5 spell levels left.
You didn't know any spells.
Your spell library contained the following spells:

 Spells                   Type           Power      Damage    Failure   Level
 Foxfire                  Conj/Fire      0%         2x1d4     86%         1
 Magic Dart               Conj           0%         1d3       86%         1
 Call Imp                 Summ           0%         N/A       95%         2
 Call Canine Familiar     Summ           0%         N/A       99%         3
 Mephitic Cloud           Conj/Pois/Air  0%         N/A       99%         3
 Ozocubu's Armour         Ice            0%         N/A       99%         3
 Portal Projectile        Hex/Tloc       0%         N/A       99%         3
 Leda's Liquefaction      Hex/Erth       0%         N/A       100%        4
 Metabolic Englaciation   Hex/Ice        0%         N/A       100%        5
 Plasma Beam              Fire/Air       0%         2x1d10    100%        6
 Simulacrum               Ice/Necr       0%         N/A       100%        6
 Starburst                Conj/Fire      0%         6d3       100%        6


Dungeon Overview and Level Annotations

Branches:
Dungeon (5/15)             Temple (1/1) D:5

Altars:
Cheibriados
Fedhas
Gozag
Hepliaklqana
Kikubaaqudgha
Makhleb
Nemelex Xobeh
Okawaru
Qazlal
Ru
Sif Muna
Uskayaw
Yredelemnul
Zin
The Shining One

Shops:
D:2 (   D:4 (:??


Innate Abilities, Weirdness & Mutations

You have a pair of horns on your head.
You reflexively headbutt those who attack you in melee.


Message History

You hit the jelly.
Your hands burn!
The jelly is heavily wounded.
You block the jelly's attack.
You hit the jelly but do no damage.
Your hands burn!
You headbutt the jelly, but do no damage.
The jelly is heavily wounded.
The jelly hits you.
You are splashed with acid!
You hit the jelly but do no damage.
Your hands burn!
The jelly is heavily wounded.
The jelly barely misses you.
You hit the jelly but do no damage.
Your hands burn!
The jelly is heavily wounded.
You block the jelly's attack.
You hit the jelly but do no damage. The acid corrodes you!
Your hands burn!
The jelly is heavily wounded.
The jelly barely misses you. x2
You barely miss the jelly.
The jelly is heavily wounded.
The jelly closely misses you.
You hit the jelly but do no damage.
Your hands burn!
* * * LOW HITPOINT WARNING * * *
The jelly is heavily wounded.
The jelly barely misses you.
You hit the jelly but do no damage.
Your hands burn!
* * * LOW HITPOINT WARNING * * *
The jelly is heavily wounded.
The jelly hits you.
* * * LOW HITPOINT WARNING * * *
The acid corrodes you!
You are splashed with acid!
* * * LOW HITPOINT WARNING * * *
The jelly attacks as you move away! The jelly closely misses you.
Okay, then.
The jelly attacks as you move away! The jelly closely misses you.
You furiously retaliate!
You headbutt the jelly. The jelly attacks as you move away!
The jelly closely misses you. You furiously retaliate!
You headbutt the jelly. The jelly attacks as you move away! The jelly hits you.
* * * LOW HITPOINT WARNING * * *
You are splashed with acid!
You die...

#.......... ... ..)
## ###.####### #.# ..
... ##.## #.# .#.<#
######...######
#.##....#
#.)...........#
#.)....#
#.####...####.#
#.##.### #(#
##.#####.# #.# .#
#<#####.....#.#####.#
..
#.#........@J.......#
.##
#)#.#######.#.###.###
+# #.#.## ##....# #.#
#....####.....# #.#
#>.#..........# #..
##...####.....# ###
##.######...## #....#
##.## ####.# #.#


You could see a jelly.

Vanquished Creatures
  An ice beast (D:3)
  A scorpion (D:5)
  A jelly (D:5)
  Jessica (D:2)
  An iguana (D:5)
  An orc wizard (D:5)
  A mummy (D:3)
  5 gnolls
  7 adders
  A white imp (D:5)
  2 worms
  2 dart slugs (D:3)
  9 orcs
  6 ball pythons
  9 bats
  4 endoplasms
  4 giant cockroaches
  6 hobgoblins
  4 jackals (D:1)
  7 kobolds
  4 quokkas
  3 frilled lizards
  6 goblins
  10 rats
96 creatures vanquished.

Notes
Turn   | Place    | Note
-------+----------+-------------------------------------------
     0 | D:1      | HallandMoats the Minotaur Fighter began the quest for the
                  | Orb.
     0 | D:1      | Reached XP level 1. HP: 19/19 MP: 0/0
    71 | D:1      | Reached XP level 2. HP: 27/27 MP: 1/1
   484 | D:2      | Reached XP level 3. HP: 30/33 MP: 2/2
   490 | D:2      | Reached skill level 1 in Dodging
   598 | D:2      | Noticed Jessica
   603 | D:2      | Killed Jessica
   604 | D:2      | Reached XP level 4. HP: 22/41 MP: 3/3
   726 | D:2      | Found Riozxo's Weapon Shop.
  1102 | D:3      | Reached XP level 5. HP: 47/47 MP: 4/4
  1232 | D:3      | Noticed an ice beast
  1242 | D:3      | Killed an ice beast
  1243 | D:3      | Reached skill level 5 in Fighting
  1377 | D:3      | Found an ancient bone altar of Kikubaaqudgha.
  1395 | D:3      | Found a snail-covered altar of Cheibriados.
  1403 | D:3      | Reached XP level 6. HP: 56/56 MP: 5/5
  1426 | D:3      | Found a faded altar of an unknown god.
  1838 | D:4      | Found Kufidas's Antique Weapon Boutique.
  1921 | D:4      | Found Ytetz's Book Shoppe.
  2185 | D:4      | Found Lyintaov's Magic Scroll Boutique.
  2205 | D:4      | Found Uselub's Magic Scroll Boutique.
  2780 | D:5      | Entered Level 5 of the Dungeon
  2954 | D:5      | Reached skill level 5 in Axes
  3114 | D:5      | Found a staircase to the Ecumenical Temple.
  3135 | Temple   | Entered the Ecumenical Temple
  3230 | Temple   | Became a worshipper of the Shining One
  3323 | D:5      | Splashed by a jelly's acid

Illustrated notes

Levels and vault maps discovered:
D:1:      lightli_iron_boxes, layout_rooms, amcnicky_mini_pool_small
D:2:      layout_rooms, serial_shops, shop_statue, minmay_misc_feat_room,
          minmay_indecisive_spiral, uniq_jessica
D:3:      layout_loops_ring, nicolae_kikubaaqudgha_miasma_corner, slow_altar_1,
          basic_ecumenical_altar, serial_bayou_pond_b, minmay_crystal_water,
          nicolae_titane
D:4:      layout_gridville, serial_shops, shop, shop, nicolae_stop_n_shop_1,
          shop, st_stairs_7
D:5:      layout_loops_ring, mainiacjoe_overflow_24_doors,
          minmay_temple_entry_crystal_x, uniq_edmund
Temple:   dshaligram_water_room_temple

Skill      XL: |  1  2  3  4  5  6 |
---------------+-------------------+-----
Axes           | 3 4 5 |  5.2
Fighting       | 4 5 |  5.8
Dodging        | 1 2 |  2.7
Armour         | 4 |  4.9
Shields        | 4 |  4.8

Action                     |  1- 3 |  4- 6 || total
---------------------------+-------+-------++-------
  Melee: War axe           |    55 |   111 ||   166
         Headbutt          |     5 |    30 ||    35
         Hand axe          |       |    35 ||    35
         Unarmed           |       |    12 ||    12
 Armour: Scale mail        |    40 |    66 ||   106
  Dodge: Dodged            |    61 |    73 ||   134
  Block: Buckler           |    13 |    36 ||    49

Table legend: (Time is in decaauts)
 A = Elapsed time spent in this place.
 B = Non-inter-level travel time spent in this place.
 C = Inter-level travel time spent in this place.
 D = Time resting spent in this place.
 E = Time spent auto-exploring this place.
 F = Levels seen in this place.
 G = Mean time per level.
                   A        B        C        D        E       F      G
               +--------+--------+--------+--------+--------+-----+--------+
         Total |   3386 |   3281 |    105 |    108 |   2275 |   6 |  564.3 |
       Dungeon |   3275 |   3170 |    105 |    108 |   2268 |   5 |  655.0 |
        Temple |    111 |    111 |      0 |      0 |      7 |   1 |  111.0 |
               +--------+--------+--------+--------+--------+-----+--------+

Top non-repeatable levels by time:
     D:4: 951 daAuts
     D:3: 864 daAuts
     D:2: 568 daAuts
     D:1: 455 daAuts
     D:5: 434 daAuts
  Temple: 111 daAuts
